 Dungeon Crawl Stone Soup version 0.29-a0-88-g03a7b78be7 (webtiles) character file.

Game seed: 11384031332024841282

67 Hubjo the Sneak (level 3, -3/26 HPs)
             Began as a Vampire Enchanter on Feb 5, 2022.
             Slain by a gnoll (8 damage)
             ... on level 2 of the Dungeon.
             The game lasted 00:05:28 (1641 turns).

Hubjo the Sneak (Vampire Enchanter)                 Turns: 1641, Time: 00:05:29

Health: -3/26      AC:  2    Str:  7    XL:     3   Next: 98%
Magic:  6/6        EV: 13    Int: 17    God:
Gold:   65         SH:  0    Dex: 16    Spells: 6/6 levels left

rFire   . . .      SeeInvis +   g - +0 dagger (vamp)
rCold   . . .      Faith    .   (no shield)
rNeg    . . .      Spirit   .   b - +0 robe
rPois   .          Reflect  .   (no helmet)
rElec   .          Harm     .   (no cloak)
rCorr   .          Rampage  .   (no gloves)
Will    .....                   (no boots)
Stlth   +++.......              (no amulet)
HPRegen 0.28/turn               (no ring)
MPRegen 0.10/turn               (no ring)

@: lethally poisoned (-3 -> -16), healing quickly
A: alive, fangs 3, see invisible, vampiric 2
a: Exsanguinate


You were on level 2 of the Dungeon.
You visited 1 branch of the dungeon, and saw 2 of its levels.

You collected 65 gold pieces.

Inventory:

Hand Weapons
 a - a +1 dagger
 g - a +0 vampiric dagger (weapon)
Missiles
 k - 5 poisoned darts (quivered)
Armour
 b - a +0 robe (worn)
Scrolls
 d - a scroll of identify {unknown}
 e - a scroll of teleportation {unknown}
 h - a scroll of blinking {unknown}
 j - a scroll of vulnerability {unknown}
Potions
 c - a potion of invisibility
 f - a potion of degeneration {unknown}
 i - a potion of curing


   Skills:
 * Level 1.5 Fighting
 + Level 1.7 Short Blades
 + Level 2.6 Dodging
 * Level 5.7 Stealth
 - Level 2.0 Spellcasting
 + Level 4.7 Hexes


You had 6 spell levels left.
You didn't know any spells.
Your spell library contained the following spells:

 Spells                   Type           Power      Damage    Failure   Level
 Confusing Touch          Hex            17%        N/A       9%          3
 Tukima's Dance           Hex            17%        N/A       9%          3
 Ensorcelled Hibernation  Hex/Ice        18%        N/A       11%         2
 Dazzling Flash           Conj/Hex       18%        N/A       22%         3


Dungeon Overview and Level Annotations

Branches:
Dungeon (2/15)

Altars:

Shops:
D:1 :


Innate Abilities, Weirdness & Mutations

Your natural rate of healing is accelerated.
You have razor-sharp teeth.
You have supernaturally acute eyesight. (SInv)
You are afflicted with vampirism and can become a bat while bloodless.


Message History

You hit the gnoll.
You kill the gnoll!
The gnoll hits you with a +0 club.
You hit the gnoll.
The gnoll is lightly wounded.
The gnoll hits you with a +0 club.
The gnoll hits you from afar with a +0 spear of venom.
You are poisoned.
You hit the gnoll.
You feel better.
You bite the gnoll, but do no damage.
The gnoll is lightly wounded.
You feel sick. The gnoll misses you.
The gnoll hits you from afar with a +0 spear of venom.
You are more poisoned.
You hit the gnoll.
You feel better.
The gnoll is moderately wounded.
You feel very sick. The gnoll misses you. The gnoll barely misses you.
You hit the gnoll.
You feel better.
The gnoll is moderately wounded.
You feel very sick. The gnoll hits you but does no damage.
The gnoll hits you from afar with a +0 spear of venom.
* * * LOW HITPOINT WARNING * * *
You closely miss the gnoll.
The gnoll is moderately wounded.
* * * LOW HITPOINT WARNING * * *
You feel sick. The gnoll barely misses you. The gnoll closely misses you.
* * * LOW HITPOINT WARNING * * *
You feel sick.
You barely miss the gnoll. Your bite misses the gnoll.
The gnoll is moderately wounded.
* * * LOW HITPOINT WARNING * * *
You feel sick. The gnoll hits you with a +0 club.
* * * LOW HITPOINT WARNING * * *
It was a potion of curing.
You feel better.
The gnoll hits you from afar with a +0 spear of venom!
* * * LOW HITPOINT WARNING * * *
You are lethally poisoned!
The gnoll hits you with a +0 club!
You die...

#... ##....##....#...# #..
#.....##....###.###
#.###..#....# #..># #†#
##.#....# ###.# #.#
#....#####.... #.#
##.........#.# #.##
####.....##.# #..#
####...#.. ##@# #.#..†.
####### #g# ##...#.#
#.....# #g# #..###.#
#.....# #g## ######.......
#..<..# #..###......####..
#.....# #.........### ##.
#.....# #.........#######.
#.....###.........#......[
#......########.....#####.


You could see 3 gnolls.

Vanquished Creatures
  A gnoll (D:2)
  An adder (D:2)
  6 ball pythons
  6 bats
  2 endoplasms
  A giant cockroach (D:2)
  11 goblins
  6 hobgoblins
  2 quokkas (D:1)
  2 frilled lizards (D:1)
  2 kobolds (D:1)
  3 rats
43 creatures vanquished.

Notes
Turn   | Place    | Note
-------+----------+-------------------------------------------
     0 | D:1      | Hubjo the Vampire Enchanter began the quest for the Orb.
     0 | D:1      | Reached XP level 1. HP: 13/13 MP: 3/3
   237 | D:1      | Found Diytz's Book Shoppe.
   293 | D:1      | Reached XP level 2. HP: 3/20 MP: 5/5
   495 | D:1      | Reached skill level 5 in Stealth
   629 | D:1      | Reached skill level 1 in Fighting
  1127 | D:2      | Gained mutation: You are afflicted with vampirism and can
                  | become a bat while bloodless. [Vampire growth]
  1127 | D:2      | Reached XP level 3. HP: 25/26 MP: 6/6
  1641 | D:2      | Slain by a gnoll

Illustrated notes

Levels and vault maps discovered:
D:1:      dpeg_arrival_boxorama, layout_loops_ring, serial_shops,
          nicolae_shop_crystal, hangedman_abyss_or_decor_stabs,
          minmay_misc_feat_enclosed
D:2:      layout_rooms

Skill      XL: |  1  2 |
---------------+-------+-----
Stealth        | 5 |  5.7
Fighting       | 1 |  1.5
Short Blades   | |  1.7
Dodging        | |  2.6
Spellcasting   | |  2.0
Hexes          | |  4.7

Action                   || total
-------------------------++-------
Melee: Dagger            ||   220
       Bite              ||    26
       Punch             ||     2
Throw: Dart              ||     1
  Use: Potion            ||     1
 Stab: Sleeping          ||     5
Armor: Robe              ||    46
Dodge: Dodged            ||   155

Table legend: (Time is in decaauts)
 A = Elapsed time spent in this place.
 B = Non-inter-level travel time spent in this place.
 C = Inter-level travel time spent in this place.
 D = Time resting spent in this place.
 E = Time spent auto-exploring this place.
 F = Levels seen in this place.
 G = Mean time per level.
                   A        B        C        D        E       F      G
               +--------+--------+--------+--------+--------+-----+--------+
         Total |   1625 |   1451 |    174 |     80 |    782 |   2 |  812.5 |
       Dungeon |   1625 |   1451 |    174 |     80 |    782 |   2 |  812.5 |
               +--------+--------+--------+--------+--------+-----+--------+

Top non-repeatable levels by time:
     D:1: 1100 daAuts
     D:2: 525 daAuts
